 Dungeon Crawl Stone Soup version 0.30-a0-986-g7f2e898f52 (webtiles) character file.

Game seed: 17903973938705722737

1569 Mickster the Cleaver (level 8, -5/105 HPs)
             Began as a Hill Orc Berserker on Apr 1, 2023.
             Was a Believer of Trog.
             Slain by Joseph
             ... wielding a +0 quarterstaff
              (7 damage)
             ... on level 7 of the Dungeon.
             The game lasted 00:40:29 (3754 turns).

Mickster the Cleaver (Hill Orc Berserker)           Turns: 3754, Time: 00:40:30

Health: -5/105     AC: 24    Str: 22    XL:     8   Next: 90%
Magic:  8/17       EV:  2    Int:  7    God:    Trog [**....]
Gold:   207        SH:  0    Dex: 16    Spells: 7/7 levels left

rFire   . . .      SeeInvis .    q - +5 hand axe
rCold   . . .      Faith    .    (no shield)
rNeg    . . .      Spirit   .    h - melded +0 plate armour
rPois   +          Reflect  .    r - melded +1 helmet
rElec   +          Rampage  .    (cloak currently unavailable)
rCorr   .          NoTele   +    f - melded +1 pair of gloves
Will    .....                    (boots currently unavailable)
Stlth   ++                       j - amulet of the Air {Inacc Air Fly rElec RMsl}
HPRegen 0.37/turn                d - +6 ring of dexterity
MPRegen 0.15/turn                c - ring of magical power

@: tree-form, repel missiles
A: stationary, stasis, torment immunity, boosted hp, (shaggy fur 1)
a: Renounce Religion, Berserk, Trog's Hand


You were on level 7 of the Dungeon.
You worshipped Trog.
Trog was pleased with you.
You were a tree.
You visited 1 branch of the dungeon, and saw 6 of its levels.

You collected 207 gold pieces.

Inventory:

Hand Weapons
 a - a +1 hand axe of protection
 l - a +3 spear
 m - a +0 flail of protection
 n - a +0 sling
 o - a +4 club
 q - a +5 hand axe (weapon)
Missiles
 g - 35 stones
Armour
 b - a +1 animal skin
 f - a +1 pair of gloves (melded)
 h - a +0 plate armour (melded)
 r - a +1 helmet (melded)
Jewellery
 c - a ring of magical power (right branch)
 d - a +6 ring of dexterity (left branch)
 j - the amulet of the Air (around neck) {Inacc Air Fly rElec RMsl}
   (You found it on level 6 of the Dungeon)

   [amulet of nothing]

   Inacc:     It reduces the accuracy of your attacks and spells.
   Air:       It enhances your air magic.
   rElec:     It insulates you from electricity.
   Fly:       It grants you flight.
   RMsl:      It protects you from missiles.
Wands
 p - a wand of flame (19)
Scrolls
 e - a scroll of teleportation
 u - a scroll of identify
Potions
 i - a potion of flight (quivered)
 s - a potion of haste


   Skills:
 + Level 6.2 Fighting
 * Level 11.9 Axes
 + Level 3.8 Armour
 + Level 3.3 Dodging
 + Level 1.1 Stealth


You had 7 spell levels left.
You didn't know any spells.
Your spell library was empty.

Dungeon Overview and Level Annotations

Branches:
Dungeon (7/15)
 Temple: D:4-7

Altars:
Kikubaaqudgha
Okawaru
Qazlal

Shops:
D:3 =

Annotations:
D:7 Joseph, Pikel


Innate Abilities, Weirdness & Mutations

You are a tree.
Your roots penetrate the ground, keeping you stationary.
You cannot be teleported.
You are immune to unholy pain and torment.
Your maximum health is greatly increased.
Your equipment is partially melded.
((You are covered in fur. (AC +1)))


Message History

Joseph is moderately wounded.
Joseph hits you but does no damage.
You miss Joseph.
Joseph is moderately wounded.
Joseph hits you with a +0 quarterstaff!
You hit Joseph.
Joseph is heavily wounded.
You hit Joseph.
Joseph is heavily wounded.
Joseph hits you but does no damage.
You closely miss Joseph.
Joseph is heavily wounded.
Joseph hits you with a +0 quarterstaff!
* * * LOW HITPOINT WARNING * * *
You hit Joseph.
Joseph is heavily wounded.
Joseph hits you with a +0 quarterstaff!
* * * LOW HITPOINT WARNING * * *
You hit Joseph.
Joseph is heavily wounded.
You hit Joseph but do no damage.
Joseph is heavily wounded.
Joseph hits you but does no damage.
You turn into a tree.
Your +1 helmet melds into your body.
Your +1 pair of gloves melds into your body.
Your +0 plate armour melds into your body.
Your roots penetrate the ground.
Joseph shouts, "At last, some action!"
Joseph hits you with a +0 quarterstaff.
* * * LOW HITPOINT WARNING * * *
Unknown command.
You barely miss Joseph. Your punch misses Joseph.
Joseph is heavily wounded.
Joseph hits you but does no damage.
You hit Joseph.
Joseph is severely wounded.
You hit Joseph.
Joseph is severely wounded.
Joseph hits you with a +0 quarterstaff!
You die...

################
...............#
######.........#
#.........#
#..♣......#
###@.######
#..## #?## #. #.
#.# ####.#
#....#


You could see Joseph.

Vanquished Creatures
  The ghost of Nabski the Fighter, a novice TeFE of Vehumet (D:6)
  A steam dragon (D:6)
  2 ice beasts (D:6)
  A black bear (D:4)
  3 lemures (D:7)
  A scorpion (D:3)
  A bullfrog (D:7)
  3 wights (D:6)
  A howler monkey (D:4)
  2 jellies
  3 hounds
  4 orc priests (D:6)
  Jessica (D:3)
  Robin (D:3)
  7 adders
  A shadow imp (D:6)
  An ufetubus (D:4)
  A worm (D:2)
  A dart slug (D:1)
  12 orcs
  3 bats
  4 endoplasms
  5 giant cockroaches
  10 goblins
  8 hobgoblins
  7 kobolds
  2 quokkas
  4 ball pythons
  4 frilled lizards
  6 rats
101 creatures vanquished.

Notes
Turn   | Place    | Note
-------+----------+-------------------------------------------
     0 | D:1      | Mickster the Hill Orc Berserker began the quest for the
                  | Orb.
     0 | D:1      | Reached XP level 1. HP: 19/19 MP: 1/1
   182 | D:1      | Reached XP level 2. HP: 27/27 MP: 2/2
   833 | D:1      | Reached XP level 3. HP: 32/34 MP: 3/3
  1252 | D:2      | Reached XP level 4. HP: 23/41 MP: 4/4
  1517 | D:2      | Reached ** piety under Trog
  1598 | D:3      | Reached skill level 5 in Axes
  1614 | D:3      | Noticed Jessica
  1617 | D:3      | Killed Jessica
  1618 | D:3      | Reached XP level 5. HP: 47/47 MP: 5/5
  1648 | D:3      | Found an ancient bone altar of Kikubaaqudgha.
  1801 | D:3      | Reached skill level 5 in Fighting
  1924 | D:3      | Found Opolouv's Jewellery Emporium.
  2000 | D:3      | Reached skill level 6 in Axes
  2030 | D:3      | Noticed Robin
  2038 | D:3      | Killed Robin
  2039 | D:3      | Reached XP level 6. HP: 56/56 MP: 6/6
  2174 | D:3      | Found a stormy altar of Qazlal.
  2330 | D:4      | Noticed a black bear
  2339 | D:4      | Killed a black bear
  2340 | D:4      | Reached skill level 7 in Axes
  2407 | D:4      | Reached XP level 7. HP: 60/61 MP: 7/7
  2423 | D:4      | You fall into a shaft and drop 2 floors!
  2480 | D:6      | Found the amulet of the Air {Inacc Air Fly rElec RMsl}
  2493 | D:6      | Noticed a steam dragon
  2506 | D:6      | Killed a steam dragon
  2507 | D:6      | Reached skill level 8 in Axes
  2523 | D:6      | Reached *** piety under Trog
  2569 | D:6      | Found a large runed translucent door.
  2569 | D:6      | Found a large runed translucent door.
  2572 | D:6      | Noticed Nabski's ghost (novice TeFE)
  2600 | D:6      | Killed Nabski's ghost
  2601 | D:6      | Reached skill level 10 in Axes
  2601 | D:6      | Reached skill level 1 in Stealth
  2601 | D:6      | Reached XP level 8. HP: 70/70 MP: 8/8
  2764 | D:6      | Reached skill level 11 in Axes
  2779 | D:6      | HP: 5/100 [orc priest/divine providence (15)]
  2779 | D:6      | HP: 2/100 [orc priest/+0 trident (3)]
  3124 | D:6      | Gained mutation: You are covered in fur. (AC +1) [potion of
                  | mutation]
  3264 | D:6      | Found an iron altar of Okawaru.
  3679 | D:7      | Noticed a yak
  3681 | D:7      | Noticed Pikel
  3681 | D:7      | Noticed a yak
  3682 | D:7      | Noticed a yak
  3732 | D:7      | Noticed Joseph
  3748 | D:7      | HP: 3/70 [Joseph/+0 quarterstaff (11)]
  3754 | D:7      | Slain by Joseph

Illustrated notes

Levels and vault maps discovered:
D:1:      lemuel_arrival_tunnels, layout_basic, minmay_stone_trees_medium
D:2:      layout_basic
D:3:      layout_loops_ring, nicolae_qazlal_scattered_showers,
          mainiacjoe_overflow_24_doors, ebering_ecumenical_altar_hall,
          serial_shops, nicolae_shop_statue_plus, uniq_jessica, uniq_robin
D:4:      layout_cave_pools, nicolae_uskayaw_suspiria,
          lightli_sewer_entry_pipes, lightli_corner_chamber
D:6:      layout_basic, kennysheep_mini_moat, ebering_ghost_disaster_area,
          grunt_ministairs_9, minmay_strange_pillars
D:7:      layout_rooms, uniq_joseph, uniq_pikel, uniq_menkaure

Skill      XL: |  1  2  3  4  5  6  7  8 |
---------------+-------------------------+-----
Fighting       | 4 5 6 |  6.2
Dodging        | 2 3 |  3.3
Axes           | 5 6 7 10 11 | 11.9
Armour         | 3 |  3.8
Stealth        | 1 |  1.1

Action                     |  1- 3 |  4- 6 |  7- 9 || total
---------------------------+-------+-------+-------++-------
  Melee: Hand axe          |    66 |   101 |   158 ||   325
         Punch             |       |     3 |     3 ||     6
         Unarmed           |       |       |     7 ||     7
   Fire: Sling             |       |     9 |       ||     9
 Invoke: Berserk           |     1 |     3 |     4 ||     8
         Trog's Hand       |       |     1 |     2 ||     3
    Use: Scroll            |     6 |     5 |     3 ||    14
         Potion            |     4 |     3 |     4 ||    11
   Stab: Sleeping          |     1 |       |       ||     1
 Armour: Animal skin       |    10 |       |       ||    10
         Leather armour    |     2 |    38 |       ||    40
         Plate armour      |       |    22 |    82 ||   104
         Skin              |       |       |    40 ||    40
  Dodge: Dodged            |    38 |    70 |    46 ||   154

Table legend: (Time is in decaauts)
 A = Elapsed time spent in this place.
 B = Non-inter-level travel time spent in this place.
 C = Inter-level travel time spent in this place.
 D = Time resting spent in this place.
 E = Time spent auto-exploring this place.
 F = Levels seen in this place.
 G = Mean time per level.
                   A        B        C        D        E       F      G
               +--------+--------+--------+--------+--------+-----+--------+
         Total |   3772 |   3537 |    235 |    814 |      0 |   6 |  628.7 |
       Dungeon |   3772 |   3537 |    235 |    814 |      0 |   6 |  628.7 |
               +--------+--------+--------+--------+--------+-----+--------+

Top non-repeatable levels by time:
     D:6: 1219 daAuts
     D:1: 1062 daAuts
     D:3: 766 daAuts
     D:2: 524 daAuts
     D:4: 108 daAuts
     D:7: 92 daAuts
